| TOP OF THE 1ST |
|
Palm Beach Nationals batting - Pitching for Amarillo ThunderHeads : RHP Anastagio Fasola
|
|
Pitching: RHP Anastagio Fasola
|
|
|
Batting: RHB Bobby Bricker
|
0-0: Called Strike 0-1: Ball 1-1: Ball 2-1: Ball 3-1: Base on Balls
|
|
Batting: RHB Antonio Vallez
|
0-0: Called Strike 0-1: Called Strike 0-2: Ball 1-2: Ball 2-2: Ball 3-2: SINGLE (Line Drive, 9LS, EV 86.9 MPH) Bobby Bricker to second Runner from 2nd tries for 3rd, SAFE, throw by RF made to third
|
|
Batting: LHB Vince McLane
|
0-0: Called Strike 0-1: Called Strike 0-2: Fly out, F9 (Line Drive, 9, EV 94.4 MPH)
|
|
Batting: RHB Gabe Almazan
|
0-0: Called Strike 0-1: Ball 1-1: Called Strike 1-2: Fly out, F7 (Flyball, 7, EV 87.5 MPH)
|
|
Batting: SHB Curtis DeLille
|
0-0: 3-RUN HOME RUN (Flyball, 9D, EV 98.8 MPH), Distance : 367 ft
|
|
Batting: LHB Jim Weidman
|
0-0: Ball 1-0: Foul Ball, location: 2F 1-1: Ball 2-1: Ball 3-1: Base on Balls
|
|
Batting: RHB Steve Kunselman
|
0-0: Ball Wild Pitch! Jim Weidman to second 1-0: Foul Ball, location: 2F 1-1: Ball 2-1: Ball Passed Ball! Jim Weidman to third 3-1: Ground out 4-3 (Groundball, 4MS, EV 66.3 MPH)
|
| Top of the 1st over - 3 runs, 2 hits, 0 errors, 1 left on base; Palm Beach 3 - Amarillo 0 |
| BOTTOM OF THE 1ST |
|
Amarillo ThunderHeads batting - Pitching for Palm Beach Nationals : LHP Johnny Busse
|
|
Pitching: LHP Johnny Busse
|
|
|
Batting: RHB Luis Reyna
|
0-0: Ball 1-0: DOUBLE (Groundball, 5L, EV 106.9 MPH)
|
|
Batting: SHB Tim Rogers
|
0-0: Ball 1-0: Foul Ball, location: 2F 1-1: Swinging Strike 1-2: Ball 2-2: Fly out, F9 (Flyball, 9S, EV 95.0 MPH)
|
|
Batting: RHB Bryan Wheeler
|
0-0: Fly out, F8 (Flyball, 8RD, EV 103.1 MPH)
|
|
Batting: RHB Salvatore Zamora
|
0-0: Foul Ball, location: 2F 0-1: Ball 1-1: Swinging Strike 1-2: Foul Ball, location: 2F 1-2: Ball 2-2: Ball 3-2: SINGLE (Flyball, 6D, EV 93.1 MPH) Luis Reyna to third Runner from 3rd tries for Home, SAFE, throw by CF to home
|
|
Batting: RHB Nick Solberg
|
0-0: Foul Ball, location: 2F 0-1: Ball 1-1: 2-RUN HOME RUN (Flyball, 7D, EV 98.1 MPH), Distance : 358 ft
|
|
Batting: RHB Sal Cervantes
|
0-0: Called Strike 0-1: Swinging Strike 0-2: Fly out, F8 (Flyball, 89D, EV 97.5 MPH)
|
| Bottom of the 1st over - 3 runs, 3 hits, 0 errors, 0 left on base; Palm Beach 3 - Amarillo 3 |
| TOP OF THE 2ND |
|
Palm Beach Nationals batting - Pitching for Amarillo ThunderHeads : RHP Anastagio Fasola
|
|
Batting: RHB Dave Burwell
|
0-0: Ground out 6-3 (Groundball, 6, EV 76.9 MPH)
|
|
Batting: RHB Jelexiz Cuenca
|
0-0: Ball 1-0: Called Strike 1-1: Ball 2-1: SINGLE (Groundball, 56D, EV 106.9 MPH)
|
|
Batting: RHB Bobby Bricker
|
0-0: Called Strike 0-1: Called Strike 0-2: Ball 1-2: Foul Ball, location: 2F 1-2: Ball 2-2: Ball 3-2: Base on Balls Jelexiz Cuenca to second
|
|
Batting: RHB Antonio Vallez
|
0-0: Called Strike 0-1: Foul Ball, location: 2F 0-2: Ball 1-2: Ball 2-2: Foul Ball, location: 2F 2-2: Fly out, F8 (Flyball, 8LS, EV 90.6 MPH)
|
|
Batting: LHB Vince McLane
|
0-0: Foul Ball, location: 2F 0-1: Foul Ball, location: 2F 0-2: Fly out, F8 (Flyball, 8RD, EV 77.5 MPH)
|
| Top of the 2nd over - 0 runs, 1 hit, 0 errors, 2 left on base; Palm Beach 3 - Amarillo 3 |
| BOTTOM OF THE 2ND |
|
Amarillo ThunderHeads batting - Pitching for Palm Beach Nationals : LHP Johnny Busse
|
|
Batting: RHB Jerry Foster
|
0-0: Ground out 6-3 (Groundball, 6, EV 102.5 MPH)
|
|
Batting: RHB Luis Solorzano
|
0-0: Ball 1-0: Swinging Strike 1-1: Foul Ball, location: 2F 1-2: Strikes out swinging
|
|
Batting: RHB Carlos Munos
|
0-0: Called Strike 0-1: SINGLE (Groundball, 6MD, EV 103.1 MPH)
|
|
Batting: RHB Luis Reyna
|
0-0: Ball 1-0: Hit by Pitch Carlos Munos to second
|
|
Batting: SHB Tim Rogers
|
0-0: Called Strike 0-1: Swinging Strike 0-2: Ball 1-2: Ball 2-2: SINGLE (Groundball, 4S, EV 67.5 MPH) (infield hit) Carlos Munos to third Luis Reyna to second
|
|
Batting: RHB Bryan Wheeler
|
0-0: Fly out, F8 (Flyball, 8LM, EV 90.6 MPH)
|
| Bottom of the 2nd over - 0 runs, 2 hits, 0 errors, 3 left on base; Palm Beach 3 - Amarillo 3 |
| TOP OF THE 3RD |
|
Palm Beach Nationals batting - Pitching for Amarillo ThunderHeads : RHP Anastagio Fasola
|
|
Batting: RHB Gabe Almazan
|
0-0: Foul Ball, location: 2F 0-1: Ball 1-1: Ball 2-1: Foul Ball, location: 2F 2-2: Ball 3-2: Base on Balls
|
|
Batting: SHB Curtis DeLille
|
0-0: Swinging Strike 0-1: Ball 1-1: SINGLE (Flyball, 6MD, EV 88.8 MPH) Gabe Almazan to second
|
|
Batting: LHB Jim Weidman
|
0-0: Called Strike 0-1: Ball 1-1: Foul Ball, location: 2F 1-2: Strikes out looking
|
|
Batting: RHB Steve Kunselman
|
0-0: Fielders Choice at 2nd, 4-6 (Groundball, 34, EV 98.1 MPH) Gabe Almazan to third
|
|
Batting: RHB Dave Burwell
|
0-0: Foul Ball, location: 2F 0-1: Ball 1-1: Fly out, F9 (Flyball, 9, EV 89.4 MPH)
|
| Top of the 3rd over - 0 runs, 1 hit, 0 errors, 2 left on base; Palm Beach 3 - Amarillo 3 |
| BOTTOM OF THE 3RD |
|
Amarillo ThunderHeads batting - Pitching for Palm Beach Nationals : LHP Johnny Busse
|
|
Batting: RHB Salvatore Zamora
|
0-0: Called Strike 0-1: Called Strike 0-2: Foul Ball, location: 2F 0-2: Strikes out swinging
|
|
Batting: RHB Nick Solberg
|
0-0: Called Strike 0-1: Foul Ball, location: 2F 0-2: Ball 1-2: SINGLE (Groundball, 5S, EV 65.6 MPH) (infield hit)
|
|
Batting: RHB Sal Cervantes
|
0-0: Called Strike Nick Solberg is caught stealing 2nd base 2-4 0-1: Ball 1-1: Called Strike 1-2: DOUBLE (Line Drive, 78M, EV 106.9 MPH)
|
|
Batting: RHB Jerry Foster
|
0-0: Called Strike 0-1: Ball 1-1: Ground out 5-3 (Groundball, 5, EV 89.4 MPH)
|
| Bottom of the 3rd over - 0 runs, 2 hits, 0 errors, 1 left on base; Palm Beach 3 - Amarillo 3 |
| TOP OF THE 4TH |
|
Palm Beach Nationals batting - Pitching for Amarillo ThunderHeads : RHP Anastagio Fasola
|
|
Batting: RHB Jelexiz Cuenca
|
0-0: Called Strike 0-1: Swinging Strike 0-2: Strikes out swinging
|
|
Batting: RHB Bobby Bricker
|
0-0: Called Strike 0-1: Ground out 5-3 (Groundball, 56, EV 95.6 MPH)
|
|
Batting: RHB Antonio Vallez
|
0-0: Foul Ball, location: 2F 0-1: Ball 1-1: Ground out U3 (Groundball, 3S, EV 88.8 MPH)
|
| Top of the 4th over - 0 runs, 0 hits, 0 errors, 0 left on base; Palm Beach 3 - Amarillo 3 |
| BOTTOM OF THE 4TH |
|
Amarillo ThunderHeads batting - Pitching for Palm Beach Nationals : LHP Johnny Busse
|
|
Batting: RHB Luis Solorzano
|
0-0: Called Strike 0-1: Foul Ball, location: 2F 0-2: Foul Ball, location: 2F 0-2: Fly out, F8 (Flyball, 8RM, EV 85.6 MPH)
|
|
Batting: RHB Carlos Munos
|
0-0: Ball 1-0: SINGLE (Groundball, 6S, EV 70.0 MPH) (infield hit)
|
|
Batting: RHB Luis Reyna
|
0-0: Swinging Strike 0-1: Ball 1-1: TRIPLE (Flyball, 78XD, EV 97.5 MPH) Carlos Munos scores
|
|
Batting: SHB Tim Rogers
|
0-0: Swinging Strike 0-1: Ball 1-1: Ball 2-1: Ball Wild Pitch! Luis Reyna scores 3-1: Ground out 5-3 (Groundball, 5, EV 100.0 MPH)
|
|
Batting: RHB Bryan Wheeler
|
0-0: Called Strike 0-1: Ball 1-1: Ball 2-1: Ball 3-1: Base on Balls
|
|
Pitching: RHP Justin Davenport
|
|
|
Batting: RHB Salvatore Zamora
|
0-0: Called Strike Bryan Wheeler steals 2nd base 0-1: Foul Ball, location: 2F 0-2: Ball 1-2: SINGLE (Flyball, 34D, EV 85.6 MPH) Bryan Wheeler to third Runner from 3rd tries for Home, throw by RF and OUT! 9-2
|
| Bottom of the 4th over - 2 runs, 3 hits, 0 errors, 1 left on base; Palm Beach 3 - Amarillo 5 |
| TOP OF THE 5TH |
|
Palm Beach Nationals batting - Pitching for Amarillo ThunderHeads : RHP Anastagio Fasola
|
|
Batting: LHB Vince McLane
|
0-0: Ball 1-0: Ground out 3-1 (Groundball, 34, EV 87.5 MPH)
|
|
Batting: RHB Gabe Almazan
|
0-0: Ball 1-0: Foul Ball, location: 2F 1-1: Ball 2-1: Foul Ball, location: 2F 2-2: Ball 3-2: Foul Ball, location: 2F 3-2: Base on Balls
|
|
Batting: SHB Curtis DeLille
|
0-0: Ball 1-0: SINGLE (Groundball, 34D, EV 98.1 MPH) Gabe Almazan to second Runner from 2nd tries for 3rd, SAFE, no throw by RF
|
|
Batting: LHB Jim Weidman
|
0-0: Ball 1-0: Ball 2-0: Grounds into double play, 4-6-3 (Groundball, 4M, EV 83.8 MPH)
|
| Top of the 5th over - 0 runs, 1 hit, 0 errors, 1 left on base; Palm Beach 3 - Amarillo 5 |
| BOTTOM OF THE 5TH |
|
Amarillo ThunderHeads batting - Pitching for Palm Beach Nationals : RHP Justin Davenport
|
|
Batting: RHB Nick Solberg
|
0-0: SINGLE (Line Drive, 7S, EV 98.8 MPH)
|
|
Batting: RHB Sal Cervantes
|
0-0: Fly out, F7 (Flyball, 78D, EV 96.3 MPH)
|
|
Batting: RHB Jerry Foster
|
0-0: Ball Nick Solberg is caught stealing 2nd base 2-4 1-0: Foul Ball, location: 2F 1-1: Ball 2-1: Foul Ball, location: 2F 2-2: SOLO HOME RUN (Flyball, 7D, EV 95.0 MPH), Distance : 368 ft
|
|
Batting: RHB Luis Solorzano
|
0-0: Ball 1-0: SINGLE (Groundball, 3D, EV 108.8 MPH)
|
|
Batting: RHB Carlos Munos
|
0-0: Ball 1-0: Called Strike 1-1: Ball 2-1: Fly out, F2 (Popup, 2LF, EV 91.3 MPH)
|
| Bottom of the 5th over - 1 run, 3 hits, 0 errors, 1 left on base; Palm Beach 3 - Amarillo 6 |
| TOP OF THE 6TH |
|
Palm Beach Nationals batting - Pitching for Amarillo ThunderHeads : RHP Anastagio Fasola
|
|
Batting: RHB Steve Kunselman
|
0-0: Ball 1-0: Ball 2-0: Ball 3-0: Base on Balls
|
|
Batting: RHB Dave Burwell
|
0-0: Ball 1-0: Foul Ball, location: 2F 1-1: Ball 2-1: Fly out, F7 (Line Drive, 7, EV 94.4 MPH)
|
|
Batting: RHB Jelexiz Cuenca
|
0-0: Foul Ball, location: 2F 0-1: Grounds into double play, 6-4-3 (Groundball, 6D, EV 83.1 MPH)
|
| Top of the 6th over - 0 runs, 0 hits, 0 errors, 0 left on base; Palm Beach 3 - Amarillo 6 |
| BOTTOM OF THE 6TH |
|
Amarillo ThunderHeads batting - Pitching for Palm Beach Nationals : RHP Justin Davenport
|
|
Batting: RHB Luis Reyna
|
0-0: Called Strike 0-1: Called Strike 0-2: Ball 1-2: Ball 2-2: Ball 3-2: Fly out, F7 (Flyball, 78S, EV 91.9 MPH)
|
|
Batting: SHB Tim Rogers
|
0-0: Ball 1-0: TRIPLE (Line Drive, 9LD, EV 110.0 MPH)
|
|
Batting: RHB Bryan Wheeler
|
0-0: DOUBLE (Flyball, 9LM, EV 94.4 MPH) Tim Rogers scores
|
|
Batting: RHB Salvatore Zamora
|
0-0: Foul Ball, location: 2F 0-1: Ball 1-1: Ball 2-1: Ball 3-1: Swinging Strike 3-2: Foul Ball, location: 2F 3-2: SINGLE (Groundball, 6MS, EV 83.1 MPH) (infield hit) Bryan Wheeler to third
|
|
Batting: RHB Nick Solberg
|
0-0: Foul Ball, location: 2F 0-1: Ball 1-1: Ball 2-1: Foul Ball, location: 2F 2-2: Ball 3-2: Foul Ball, location: 2F 3-2: Foul Ball, location: 2F 3-2: Foul Ball, location: 2F 3-2: SINGLE (Flyball, 7S, EV 93.1 MPH) Bryan Wheeler scores Salvatore Zamora to second
|
|
Batting: RHB Sal Cervantes
|
0-0: Called Strike 0-1: Ball 1-1: Ball 2-1: Fly out, F8 (Flyball, 8RXD, EV 88.1 MPH) Runner from 2nd tags up, SAFE at 3rd, no throw by CF
|
|
Batting: RHB Jerry Foster
|
0-0: Ball 1-0: Foul Ball, location: 2F 1-1: Ball 2-1: Ball 3-1: Fielders Choice at 2nd, 5-4 (Groundball, 56D, EV 110.0 MPH)
|
| Bottom of the 6th over - 2 runs, 4 hits, 0 errors, 2 left on base; Palm Beach 3 - Amarillo 8 |
| TOP OF THE 7TH |
|
Palm Beach Nationals batting - Pitching for Amarillo ThunderHeads : RHP Anastagio Fasola
|
|
Batting: RHB Bobby Bricker
|
0-0: Swinging Strike 0-1: Foul Ball, location: 2F 0-2: Ball 1-2: Strikes out swinging
|
|
Pitching: LHP Victor Carde
|
|
|
Batting: RHB Antonio Vallez
|
0-0: Ball 1-0: Called Strike 1-1: Ball 2-1: Ball 3-1: Called Strike 3-2: Base on Balls
|
|
Batting: LHB Vince McLane
|
0-0: Ball 1-0: Foul Ball, location: 2F 1-1: SINGLE (Flyball, 34D, EV 91.3 MPH) Antonio Vallez to second
|
|
Batting: RHB Gabe Almazan
|
0-0: 3-RUN HOME RUN (Flyball, 7D, EV 96.3 MPH), Distance : 375 ft
|
|
Pitching: LHP Kevin Anderson
|
|
|
Now in RF: Sam Voss
|
|
|
Batting: SHB Curtis DeLille
|
0-0: Ball 1-0: Foul Ball, location: 2F 1-1: Swinging Strike 1-2: Strikes out looking
|
|
Batting: LHB Jim Weidman
|
0-0: Ball 1-0: Ground out 6-3 (Groundball, 6M, EV 89.4 MPH)
|
| Top of the 7th over - 3 runs, 2 hits, 0 errors, 0 left on base; Palm Beach 6 - Amarillo 8 |
| BOTTOM OF THE 7TH |
|
Amarillo ThunderHeads batting - Pitching for Palm Beach Nationals : RHP Justin Davenport
|
|
Batting: RHB Luis Solorzano
|
0-0: Called Strike 0-1: Foul Ball, location: 2F 0-2: Ground out 4-3 (Groundball, 4, EV 83.1 MPH)
|
|
Batting: RHB Carlos Munos
|
0-0: Swinging Strike 0-1: Ball 1-1: Foul Ball, location: 2F 1-2: Ball 2-2: Foul Ball, location: 2F 2-2: Ball 3-2: Foul Ball, location: 2F 3-2: Foul Ball, location: 2F 3-2: Base on Balls
|
|
Pitching: RHP Jason Ewert
|
|
|
Batting: RHB Luis Reyna
|
0-0: Ball 1-0: SINGLE (Line Drive, 8RS, EV 90.6 MPH) Carlos Munos to second
|
|
Batting: SHB Tim Rogers
|
0-0: Ball 1-0: Ball 2-0: Ball 3-0: Called Strike 3-1: Base on Balls Carlos Munos to third Luis Reyna to second
|
|
Batting: RHB Sam Voss
|
0-0: Ball 1-0: Ball 2-0: Swinging Strike 2-1: Swinging Strike 2-2: Fly out, F8 (Line Drive, 8LM, EV 98.1 MPH) Runner from 3rd tags up, OUT at HOME! 8-2
|
| Bottom of the 7th over - 0 runs, 1 hit, 0 errors, 2 left on base; Palm Beach 6 - Amarillo 8 |
| TOP OF THE 8TH |
|
Palm Beach Nationals batting - Pitching for Amarillo ThunderHeads : LHP Kevin Anderson
|
|
Batting: RHB Steve Kunselman
|
0-0: Ball 1-0: SINGLE (Flyball, 78S, EV 96.9 MPH)
|
|
Batting: RHB Dave Burwell
|
0-0: Ball 1-0: Ball 2-0: Called Strike 2-1: Foul Ball, location: 2F 2-2: Strikes out swinging
|
|
DELAY
|
Rain delay of 44 minutes in the 8th inning.
|
|
Batting: RHB Jelexiz Cuenca
|
0-0: Ball 1-0: Called Strike 1-1: Grounds into double play, 4-6-3 (Groundball, 4, EV 79.4 MPH)
|
| Top of the 8th over - 0 runs, 1 hit, 0 errors, 0 left on base; Palm Beach 6 - Amarillo 8 |
| BOTTOM OF THE 8TH |
|
Amarillo ThunderHeads batting - Pitching for Palm Beach Nationals : RHP Jason Ewert
|
|
Batting: RHB Salvatore Zamora
|
0-0: Swinging Strike 0-1: Foul Ball, location: 2F 0-2: Foul Ball, location: 2F 0-2: Ball 1-2: Foul Ball, location: 2F 1-2: Ball 2-2: Fly out, F3 (Popup, 3S, EV 80.0 MPH)
|
|
Batting: RHB Nick Solberg
|
0-0: Called Strike 0-1: Ball 1-1: Fly out, F9 (Line Drive, 9, EV 96.3 MPH)
|
|
Batting: RHB Sal Cervantes
|
0-0: Called Strike 0-1: Ground out 6-3 (Groundball, 6, EV 88.8 MPH)
|
| Bottom of the 8th over - 0 runs, 0 hits, 0 errors, 0 left on base; Palm Beach 6 - Amarillo 8 |
| TOP OF THE 9TH |
|
Palm Beach Nationals batting - Pitching for Amarillo ThunderHeads : LHP Kevin Anderson
|
|
Pitching: RHP Mike Osgood
|
|
|
Batting: RHB Bobby Bricker
|
0-0: Swinging Strike 0-1: Ball 1-1: Swinging Strike 1-2: Ball 2-2: Strikes out swinging
|
|
Pinch Hitting: LHB Chance McWilliams
|
0-0: Ball 1-0: Ball 2-0: Fly out, F6 (Flyball, 56D, EV 75.0 MPH)
|
|
Batting: LHB Vince McLane
|
0-0: Ball 1-0: Called Strike 1-1: Ball 2-1: Called Strike 2-2: Strikes out swinging
|
| Top of the 9th over - 0 runs, 0 hits, 0 errors, 0 left on base; Palm Beach 6 - Amarillo 8 |
|